 Dungeon Crawl Stone Soup version 0.30-b1-2-g02819fbbbe (webtiles) character file.

Game seed: 17119364340205895162

1159 Arcadio the Covered (level 8, -2/74 HPs)
             Began as a Minotaur Fighter on May 13, 2023.
             Was an Elder of Trog.
             Slain by a water moccasin (7 damage)
             ... on level 6 of the Dungeon.
             The game lasted 00:05:41 (3926 turns).

Arcadio the Covered (Minotaur Fighter)              Turns: 3926, Time: 00:05:41

Health: -2/74      AC: 10    Str: 22    XL:     8   Next: 16%
Magic:  7/7        EV:  8    Int:  5    God:    Trog [****..]
Gold:   275        SH:  6    Dex: 23    Spells: 7/7 levels left

rFire   . . .        a - +0 war axe
rCold   . . .        c - +0 buckler
rNeg    . . .        p - +0 chain mail
rPois   .            (helmet restricted)
rElec   .            (no cloak)
rCorr   .            (no gloves)
SInv    .            (no boots)
Will    .....        (no amulet) Stlth
                     e - +6 ring of dexterity
HPRegen 0.32/turn    s - +6 ring of dexterity
MPRegen 0.10/turn

%: no passive effects
@: lethally poisoned (-2 -> -6), on berserk cooldown, slowed, very slow
A: horns 2, retaliatory headbutt
a: Renounce Religion, Berserk, Trog's Hand, Brothers in Arms


You were on level 6 of the Dungeon.
You worshipped Trog.
Trog was greatly pleased with you.
You visited 2 branches of the dungeon, and saw 7 of its levels.
You also visited: Sewer.

You collected 275 gold pieces.

Inventory:

Hand Weapons
 a - a +0 war axe (weapon)
 u - a +2 flail of protection
Missiles
 A - a throwing net (quivered)
Armour
 b - a +0 scale mail
 c - a +0 buckler (worn)
 g - a +0 ring mail of fire resistance
 p - a +0 chain mail (worn)
 t - a +0 kite shield
Jewellery
 e - a +6 ring of dexterity (left hand)
 s - a +6 ring of dexterity (right hand)
 w - a ring of positive energy
 y - a ring of ice
 B - a ring of magical power
 D - a ring of positive energy
Wands
 I - a wand of polymorph (4)
Scrolls
 f - a scroll of enchant weapon {unknown}
 i - a scroll of torment {unknown}
 k - 3 scrolls of teleportation
 m - a scroll of poison {unknown}
 o - a scroll of magic mapping
 r - a scroll of identify
 G - a scroll of immolation {unknown}
 H - a scroll of butterflies {unknown}
Potions
 d - 3 potions of might
 h - 4 potions of curing
 j - 2 potions of resistance
 l - a potion of invisibility {unknown}
 n - 2 potions of berserk rage
 q - 3 potions of heal wounds {unknown}
 v - a potion of attraction {unknown}
 x - 2 potions of haste
 z - a potion of lignification {unknown}
 C - a potion of magic {unknown}
 E - a potion of mutation {unknown}
 F - a potion of brilliance {unknown}


   Skills:
 + Level 7.6 Fighting
 + Level 7.0 Axes
 + Level 7.7 Armour
 - Level 3.6 Shields


You had 7 spell levels left.
You didn't know any spells.
Your spell library was empty.

Dungeon Overview and Level Annotations

Branches:
Dungeon (6/15) Zot: 26922  Temple (1/1) D:5 Zot: 5982   Sewer (visited)

Altars:
Ashenzari
Cheibriados
Elyvilon
Fedhas
Gozag
Hepliaklqana
Kikubaaqudgha
Makhleb
Nemelex Xobeh
Okawaru
Ru
Trog
Uskayaw
Vehumet
Xom
Yredelemnul
Zin
The Shining One


Innate Abilities, Weirdness & Mutations

You have a pair of horns on your head.
You reflexively headbutt those who attack you in melee.


Message History

You block the killer bee's attack.
The killer bee stings you but does no damage.
You block the scorpion's attack.
You have reached level 8!
You feel agile.
You barely miss the scorpion.
The scorpion is severely wounded.
You slash the killer bee! You miss the killer bee.
The killer bee barely misses you. You furiously retaliate!
You headbutt the killer bee!
You kill the killer bee!
Trog accepts your kill. The killer bee stings you.
* * * LOW HITPOINT WARNING * * *
You are poisoned.
The killer bee poisons you!
The scorpion stings you but does no damage.
The killer bee misses you.
Your Axes skill increases to level 7!
You slice the killer bee!!
You kill the killer bee!
Trog accepts your kill.
You hit the scorpion.
You are no longer berserk.
You are exhausted.
You feel yourself slow down.
You feel very sick. You block the scorpion's attack.
You hit the wraith but do no damage.
You headbutt the wraith, but do no damage.
You slash the scorpion!
You kill the scorpion!
Trog accepts your kill.
You feel very sick. The wraith hits you.
* * * LOW HITPOINT WARNING * * *
The wraith drains your vigour!
You feel as though you will be slow longer.
The water moccasin bites you!
You die...

*******,,,*,,,*,,,,,,,,,,,*
*...#...#*,**,,,,,,**
#####...#..#,,,,**,,,,*
**#..#.......##,.,,,,,,,**
#,............#..,,*,>,,,*
*##.,#............#,,**,,,,*
***...##...........#,,,,**,,,,
*,,......$.#.W)...#*,,,,,*,,,*
***,,#...#.##@S...#,,,,,,,,,**
*****#..)).)†..##,,,*,,,,,,,
##...))....#*,,,,,,,,,*,
#.....##.#.#**,,,,,,*,**
###........##**,,,**,,,,
#..........##*****,,,,,
##...........##**,,,,,,,
#.....#....#...,,,,***,,
#.....##...#..#*,,,*,,,,


You could see a wraith and a water moccasin.

Vanquished Creatures
  2 ogres
  A centaur (D:4)
  2 phantoms (D:5)
  2 scorpions
  A gnoll sergeant (D:6)
  2 killer bees (D:6)
  An orc priest (D:6)
  2 hounds
  A jelly (D:5)
  A sleepcap (D:5)
  2 iguanas (D:5)
  An orc wizard (D:6)
  8 gnolls
  8 adders
  6 river rats
  A white imp (D:5)
  An ufetubus (D:5)
  A worm (D:2)
  3 dart slugs
  13 orcs
  9 ball pythons
  9 endoplasms
  9 hobgoblins
  5 jackals
  A quokka (D:2)
  7 bats
  8 frilled lizards
  9 goblins
  12 kobolds
  8 rats
  2 rat zombies (D:3)
138 creatures vanquished.

Vanquished Creatures (others)
  9 plants (D:1)
9 creatures vanquished.

Grand Total: 147 creatures vanquished

Notes
Turn   | Place    | Note
-------+----------+-------------------------------------------
     0 | D:1      | Arcadio the Minotaur Fighter began the quest for the Orb.
     0 | D:1      | Reached XP level 1. HP: 19/19 MP: 0/0
   185 | D:1      | Found a faded altar of an unknown god.
   197 | D:1      | Reached XP level 2. HP: 25/27 MP: 1/1
   205 | D:1      | Prayed at the altar of an unknown god.
   205 | D:1      | Became a worshipper of Trog the Wrathful
   205 | D:1      | Reached * piety under Trog
   808 | D:2      | Identified the +1 falchion "Cavvoegg" {freeze, *Corrode rC+
                  | Will+ Dex+6}
   860 | D:2      | Reached XP level 3. HP: 17/33 MP: 2/2
   951 | D:2      | Reached XP level 4. HP: 37/41 MP: 3/3
  1019 | D:2      | Reached ** piety under Trog
  1506 | D:3      | Reached skill level 5 in Armour
  1530 | D:3      | Reached XP level 5. HP: 47/47 MP: 4/4
  1587 | D:3      | Reached skill level 5 in Fighting
  1934 | D:3      | Found an ancient bone altar of Kikubaaqudgha.
  1978 | D:3      | Found a hazy altar of Hepliaklqana.
  2260 | D:4      | Found a bloodstained altar of Trog.
  2297 | D:4      | Noticed a centaur
  2303 | D:4      | Killed a centaur
  2304 | D:4      | Reached XP level 6. HP: 40/56 MP: 5/5
  2559 | D:5      | Entered Level 5 of the Dungeon
  2577 | D:5      | Reached *** piety under Trog
  2653 | D:5      | Reached skill level 5 in Axes
  2675 | D:5      | Reached XP level 7. HP: 32/63 MP: 6/6
  3147 | D:5      | Found a staircase to the Ecumenical Temple.
  3155 | Temple   | Entered the Ecumenical Temple
  3395 | D:6      | Found a glowing drain.
  3415 | Sewer    | Entered a sewer
  3916 | D:6      | Reached **** piety under Trog
  3917 | D:6      | Noticed a wraith
  3924 | D:6      | Reached XP level 8. HP: 21/73 MP: 7/7
  3926 | D:6      | Slain by a water moccasin

Illustrated notes

Levels and vault maps discovered:
D:1:      lemuel_arrival_tunnels, layout_loops_ring,
          hellmonk_ecumenical_altar_lost_god, serial_bayou_ford_a
D:2:      layout_rooms
D:3:      layout_loops_ring, nzn_hepliaklqana_mist_gate,
          lemuel_zombie_altar_kikubaaqudgha
D:4:      layout_cave_pools, trog_hazing_becter
D:5:      layout_loops_ring, minmay_temple_entry_statues_pillars
D:6:      layout_cave_pools, cheibrodos_sewer_entry_sluice, minmay_manual_moon
Temple:   hellmonk_temple_two_chambers

Skill      XL: |  1  2  3  4  5  6  7  8 |
---------------+-------------------------+-----
Fighting       | 4 5 6 7 |  7.6
Armour         | 4 5 6 7 |  7.7
Axes           | 3 4 5 6 7 |  7.0
Shields        | |  3.6

Action                     |  1- 3 |  4- 6 |  7- 9 || total
---------------------------+-------+-------+-------++-------
  Melee: War axe           |    60 |   127 |    91 ||   278
         Headbutt          |    10 |    20 |    19 ||    49
 Invoke: Berserk           |       |       |     1 ||     1
    Use: Scroll            |       |     3 |     2 ||     5
 Armour: Scale mail        |    28 |     6 |       ||    34
         Chain mail        |       |    69 |    44 ||   113
  Dodge: Dodged            |    36 |    52 |    36 ||   124
  Block: Buckler           |    19 |    40 |    37 ||    96
